 Dungeon Crawl Stone Soup version 0.19-a0-934-gf1df8d1 (webtiles) character file.

85617 Leszczynek the Bludgeoner (level 15, -1/128 HPs)
             Began as a Grey Draconian Summoner on July 6, 2016.
             Was a High Priest of Sif Muna.
             Slain by a dire flail of protection (25 damage)
             ... on level 1 of the Elven Halls on July 7, 2016.
             The game lasted 02:35:28 (30045 turns).

Leszczynek the Bludgeoner (DrSu)                   Turns: 30045, Time: 02:35:29

Health: -1/128     AC: 23    Str: 11    XL:     15   Next: 38%
Magic:  10/22      EV: 19    Int: 27    God:    Sif Muna [*****.]
Gold:   1233       SH:  0    Dex: 11    Spells: 6 memorised, 1 level left

rFire  + . .     SeeInvis .     a - +3 morningstar (flame)
rCold  + . .     Gourm    .     (armour unavailable)
rNeg   + . .     Faith    .     (no shield)
rPois  .         Spirit   .     (helmet restricted)
rElec  .         Dismiss  .     d - +2 cloak
rCorr  .         Reflect  .     u - +2 pair of gloves
SustAt .         Harm     .     O - +2 pair of boots
MR     +....                    v - amulet of regeneration
Stlth  ++........               T - ring "Alisol" {Wiz rF+ rC+ rN+}
                                Q - +4 ring of evasion

@: brilliant, studying Charms, divine energy, somewhat resistant to hostile
enchantments, unstealthy
A: walk through water, unfitting armour, unbreathing, cold-blooded, AC +14
a: Stop Divine Energy, Channel Magic, Forget Spell, Renounce Religion


You were on level 1 of the Elven Halls.
You worshipped Sif Muna.
Sif Muna was extremely pleased with you.
You were very hungry.

You visited 5 branches of the dungeon, and saw 25 of its levels.
You visited the Abyss 1 time.
You also visited: Sewer and Ice Cave.

You collected 2574 gold pieces.
You spent 1341 gold pieces at shops.

Inventory:

Hand Weapons
 a - a +3 morningstar of flaming (weapon)
 b - the +10 war axe of Yjuretu {holy, rC- MR- MP+9 Dex+8}
   (You found it on level 5 of the Dungeon)

   It has been blessed by the Shining One to cause great damage to the undead
   and demons.
   It affects your dexterity (+8).
   It makes you vulnerable to cold.
   It affects your resistance to hostile enchantments.
   It affects your magic capacity (+9).
Missiles
 p - 43 tomahawks (quivered)
 M - 2 throwing nets
Armour
 d - a +2 cloak (worn)
 u - a +2 pair of gloves (worn)
 O - a +2 pair of boots (worn)
Magical Staves
 I - an uncursed staff of energy
Jewellery
 v - an amulet of regeneration (around neck)
 x - an uncursed ring of protection from fire
 C - an uncursed ring of protection from cold
 Q - a +4 ring of evasion (left hand)
 T - the ring "Alisol" (right hand) {Wiz rF+ rC+ rN+}
   (You found it on level 15 of the Dungeon)

   [ring of wizardry]

   It improves your spell success rate.
   It protects you from fire.
   It protects you from cold.
   It protects you from negative energy.
 Z - an uncursed ring of see invisible
Wands
 i - a wand of lightning (6/15)
 l - a wand of paralysis (4/24)
 m - a wand of lightning (1/15)
 n - a wand of paralysis (16/24)
 y - a wand of lightning (4/15)
 F - a wand of digging (10/24)
 G - a wand of disintegration (8/24)
 K - a wand of heal wounds (6/9)
Scrolls
 h - 10 scrolls of remove curse
 j - 5 scrolls of teleportation
 R - 4 scrolls of fog
 S - a scroll of enchant armour
 X - a scroll of magic mapping
 Y - 4 scrolls of recharging
Potions
 e - a potion of haste
 g - 5 potions of heal wounds
 o - a potion of berserk rage
 q - 2 potions of magic
 r - 2 potions of might
 t - 6 potions of curing
 z - a potion of brilliance
 A - 2 potions of ambrosia
 D - a potion of flight
 E - a potion of cancellation
 H - a potion of cure mutation
 V - a potion of beneficial mutation {unknown}
 W - a potion of agility {unknown}
Books
 c - a book of Power

   Spells                             Type                      Level
   a - Fulminant Prism                Conjuration/Hexes            4
   b - Iskenderun's Mystic Blast      Conjuration                  4
   c - Venom Bolt                     Conjuration/Poison           5
   d - Bolt of Magma                  Conjuration/Fire/Earth       5
   e - Iron Shot                      Conjuration/Earth            6
   f - Orb of Destruction             Conjuration                  7
   g - Spellforged Servitor           Conjuration/Summoning        7
 P - a manual of Charms
Miscellaneous
 B - a phial of floods (inert)
 J - a phantom mirror
 L - a box of beasts
 U - a sack of spiders
Comestibles
 f - 7 bread rations
 k - 8 meat rations
 s - 5 chunks of flesh
 w - 5 fruits
 N - 5 royal jellies


   Skills:
 + Level 10.4 Fighting
 - Level 16.3 Maces & Flails
 + Level 7.6 Dodging
 - Level 1.7 Stealth
 - Level 5.3 Spellcasting
 - Level 9.2 Conjurations
 - Level 8.3 Summonings
 - Level 6.8 Ice Magic
 - Level 5.4 Air Magic
 * Level 6.8 Earth Magic
 - Level 8.1 Invocations


You had one spell level left.
You knew the following spells:

 Your Spells              Type           Power        Failure   Level  Hunger
a - Summon Lightning Spi  Summ/Air       ######..     1%          4    ###....
b - Call Imp              Summ           ######..     1%          2    None
c - Call Canine Familiar  Summ           ######..     1%          3    #......
d - Summon Ice Beast      Ice/Summ       ######..     1%          4    ###....
e - Fulminant Prism       Conj/Hex       #####.....   1%          4    ###....
f - Iron Shot             Conj/Erth      ######....   6%          6    ######.


Dungeon Overview and Level Annotations

Branches:
Dungeon (15/15)            Temple (1/1) D:6            Lair (6/6) D:10
 Shoals (0/4) Lair:3       Spider (0/4) Lair:2        Slime (0/5) Lair:6
    Orc (2/2) D:10            Elf (1/3) Orc:2        Depths (0/5) D:15
 Vaults: D:13-14

Altars:
Ashenzari
Elyvilon
Fedhas
Gozag
Hepliaklqana
Kikubaaqudgha
Makhleb
Nemelex Xobeh
Qazlal
Sif Muna
Trog
Uskayaw
Vehumet
Xom
Yredelemnul
Zin
The Shining One
Beogh

Shops:
Orc:2 [=*:

Portals:
Hell: Lair:6

Annotations:
D:7 exclusion: door, Crazy Yiuf
D:9 exclusion: statue
D:11 1 exclusion
D:14 1 exclusion


Innate Abilities, Weirdness & Mutations

You can walk through water.
Your dull iron-grey scales are very hard. (AC +14)
Your body does not fit into most forms of armour.
You can survive without breathing.
You are cold-blooded and may be slowed by cold attacks.


Message History

Aiming: Iron Shot
Press: ? - help, Shift-Dir - straight line, f/p - dire flail of protection
Aim: a dire flail of protection (moderately damaged)
The iron shot misses the dire flail of protection.
You are feeling hungry.
You feel less invigorated.
The dire flail of protection misses you.
The ice beast closely misses you. The dire flail of protection hits you!
* * * LOW HITPOINT WARNING * * *
Unknown command.
Casting: Iron Shot
Confirm with . or Enter, or press ? or * to list all spells.
Aiming: Iron Shot
Press: ? - help, Shift-Dir - straight line, f/p - dire flail of protection
Aim: a dire flail of protection (moderately damaged)
The iron shot hits the dire flail of protection.
The dire flail of protection is severely damaged.
You are feeling very hungry.
The ice beast barely misses you. The dire flail of protection hits you!!
You die...

#.......(.)..[#..#....
#........)))<.# .#....
#......[).)/).#..#....
#..........[[.#..#....
#......(......#..#....
#.[############..#....
#.([.#.#.#.#.....#....
#.(.[#)#'#'#.....####'
#....@(....[..........
#.....Y...............
#..#####'###..#######.
#..#.......#..# #.
#..#.......#..# #.
#..#..###..#..# #.
..)#..'.#..#..# #.
....#(.#.#..#..# #.
...#..#.#..#..# #.


You could see an ice beast and a dire flail of protection.

Vanquished Creatures
  A deep elf demonologist (Elf:1)
  A deep elf death mage (Orc:2)
  4 hydras
  2 death yaks (Lair:6)
  4 centaur warriors
  A tengu warrior (D:13)
  2 dancing weapons (Elf:1)
  Nergalle (D:11)
  A deep elf knight (Elf:1)
  2 orc high priests
  A skeletal warrior (D:11)
  A hill giant (D:10)
  2 deep elf archers
  A necromancer (D:15)
  A phantasmal warrior (D:10)
  8 ugly things
  A wolf spider zombie (D:15)
  An orc sorcerer (Elf:1)
  16 deep elf magi
  3 cyclopes
  3 griffons
  A sixfirhy (Lair:6)
  21 elephants
  3 black mambas
  A naga mage (D:15)
  6 spiny frogs
  A rime drake (Lair:6)
  An orange demon (Lair:6)
  Psyche (D:9)
  A freezing wraith (D:14)
  2 yaktaurs (D:14)
  5 komodo dragons
  An ice devil (Lair:6)
  2 red devils (Lair:6)
  8 trolls
  3 polar bears (IceCv)
  2 two-headed ogres
  A slime creature (Lair:6)
  7 blink frogs
  A hornet zombie (D:15)
  An air elemental (Elf:1)
  A spriggan (Lair:2)
  38 yaks
  4 fire elementals
  2 basilisks
  A spriggan (shapeshifter) (Elf:1)
  A wyvern (Lair:6)
  2 water elementals (Elf:1)
  A hungry ghost (D:11)
  A steam dragon (Lair:5)
  5 hippogriffs
  4 vampire mosquitoes
  8 wargs
  9 water moccasins
  A hell hound (D:12)
  29 orc warriors
  4 porcupines
  5 sky beasts
  3 eyes of draining
  A necrophage (D:6)
  A boggart (D:15)
  3 phantoms
  2 ice beasts
  15 wolves
  12 ogres
  A small abomination (Abyss:2)
  19 centaurs
  11 crocodiles
  3 big kobolds
  12 giant frogs
  3 earth elementals (Elf:1)
  2 scorpions
  6 killer bees
  13 wights
  3 electric eels
  5 crimson imps
  A howler monkey (D:4)
  3 centaur zombies
  8 jellies
  13 orc wizards
  12 orc priests
  3 centaur skeletons
  2 hounds
  2 giant frog skeletons
  15 iguanas
  7 worker ants
  9 sheep
  2 hound zombies
  5 gnolls
  25 river rats
  11 adders
  2 shadow imps (D:6)
  6 white imps (Orc:1)
  An ufetubus (Abyss:2)
  5 oozes
  An adder skeleton (D:10)
  An adder zombie (D:8)
  A worm (D:2)
  A dart slug (D:2)
  7 giant geckos
  75 orcs
  11 bats
  4 giant cockroaches
  2 goblins (D:1)
  5 hobgoblins
  3 jackals (D:6)
  3 quokkas
  A giant gecko skeleton (D:7)
  6 giant newts
  12 kobolds
  2 quokka skeletons
  A quokka zombie (D:8)
  7 rats
632 creatures vanquished.

Vanquished Creatures (collateral kills)
  Gastronok (Lair:2)
  Azrael (D:12)
  2 dire elephants
  3 hydras (Lair:4)
  A centaur warrior (D:13)
  A death knight (D:10)
  4 death yaks
  2 deep elf knights (Elf:1)
  2 unseen horrors
  3 hill giants
  3 orc knights
  8 deep elf magi
  3 ugly things
  3 manticores
  An orc sorcerer (D:15)
  A cyclops (Orc:1)
  2 orange demons (Lair:6)
  3 elephants
  2 smoke demons
  A centaur skeleton (D:15)
  A rime drake (Lair:3)
  A spiny frog (Lair:2)
  An ice devil (Lair:6)
  A yaktaur (D:14)
  A hellwing (Lair:6)
  2 red devils (Lair:6)
  3 trolls
  2 polar bears (IceCv)
  A hornet zombie (D:15)
  A two-headed ogre (D:12)
  5 blink frogs
  2 wyverns (D:9)
  A vampire (D:13)
  A wraith (D:11)
  A fire elemental (D:12)
  14 yaks
  3 basilisks
  3 hippogriffs
  3 vampire mosquitoes (D:13)
  2 wargs (D:10)
  3 water moccasins
  2 hell hounds (D:12)
  9 orc warriors
  3 ice beasts
  2 black bears
  2 ogres
  4 boggarts (D:15)
  2 small abominations (Abyss:2)
  3 wolves (IceCv)
  2 centaurs (Orc:2)
  A crocodile (Sewer)
  2 giant frogs
  10 killer bees
  10 orc priests
  A hound (D:5)
  A jelly (D:10)
  5 orc wizards
  An iguana (D:10)
  A worker ant (D:4)
  A gnoll (Orc:1)
  3 adders
  A river rat (Lair:2)
  2 shadow imps
  6 white imps (Orc:1)
  An ooze (D:10)
  A worm (D:3)
  31 orcs
  2 giant cockroaches
  A goblin (D:3)
  A hobgoblin (D:2)
  3 bats
  5 kobolds
  4 fungi
222 creatures vanquished.

Vanquished Creatures (others)
  A wizard (Lair:6)
  An ugly thing (D:12)
  An orc wizard (D:9)
  2 butterflies (Lair:1)
  20 fulminant prisms
  64 fungi
  13 plants
  A starspawn tentacle (Abyss:2)
  178 starspawn tentacle segments (Abyss:2)
281 creatures vanquished.

Grand Total: 1135 creatures vanquished

Notes
Turn   | Place    | Note
-------+----------+-------------------------------------------
     0 | D:1      | Leszczynek the Draconian Summoner began the quest for the Orb.
     0 | D:1      | Reached XP level 1. HP: 14/14 MP: 3/3
   391 | D:1      | Reached skill level 2 in Dodging
   737 | D:1      | Reached XP level 2. HP: 20/20 MP: 3/5
   763 | D:1      | Learned a level 2 spell: Call Imp
  1261 | D:2      | Reached XP level 3. HP: 23/26 MP: 6/6
  1291 | D:2      | i already have 8 AC what the fuck
  1291 | D:2      | try having 8 AC on d:2 as an ogre, good fucking luck
  1662 | D:2      | Reached skill level 3 in Dodging
  2114 | D:3      | Learned a level 3 spell: Call Canine Familiar
  2227 | D:3      | Reached XP level 4. HP: 28/33 MP: 7/7
  2400 | D:3      | Reached skill level 5 in Summonings
  3046 | D:4      | Reached skill level 1 in Fighting
  3071 | D:4      | Found a glowing drain.
  3125 | D:4      | Found a basalt altar of Yredelemnul.
  3144 | D:4      | Reached XP level 5. HP: 39/40 MP: 5/8
  3160 | D:4      | Reached skill level 1 in Maces & Flails
  3394 | D:4      | Reached skill level 2 in Maces & Flails
  3557 | D:4      | Noticed a phantom
  3594 | D:4      | Killed a phantom
  3594 | D:4      | Reached skill level 3 in Maces & Flails
  3594 | D:4      | Reached XP level 6. HP: 40/47 MP: 6/9
  3673 | Sewer    | Entered a sewer
  3748 | Sewer    | Reached skill level 6 in Summonings
  3858 | Sewer    | Learned a level 4 spell: Summon Lightning Spire
  4018 | D:4      | Found an opulent altar of Gozag.
  4108 | D:5      | Entered Level 5 of the Dungeon
  4143 | D:5      | Got an ancient war axe
  4144 | D:5      | Identified the +10 war axe of Yjuretu {holy, rC- MR- MP+9 Dex+8} (You found it on level 5 of the Dungeon)
  4370 | D:5      | Found a blossoming altar of Fedhas.
  4472 | D:5      | Reached skill level 4 in Maces & Flails
  4472 | D:5      | Reached skill level 1 in Air Magic
  4724 | D:5      | i wanna try the new sif
  4759 | D:6      | Found a staircase to the Ecumenical Temple.
  4790 | D:6      | Your scales start taking on a dull iron-grey colour.
  4790 | D:6      | Reached XP level 7. HP: 52/52 MP: 9/10
  4790 | D:6      | Gained mutation: You can survive without breathing. [Grey Draconian growth]
  4799 | Temple   | Entered the Ecumenical Temple
  4812 | Temple   | Became a worshipper of Sif Muna the Loreminder
  4896 | D:6      | Found a bloodstained altar of Trog.
  4957 | D:6      | Reached skill level 2 in Air Magic
  5056 | D:6      | Reached skill level 5 in Maces & Flails
  5062 | D:6      | Reached skill level 3 in Air Magic
  5133 | D:6      | Found a shattered altar of Ashenzari.
  5141 | D:6      | Reached XP level 8. HP: 59/59 MP: 11/11
  5186 | D:6      | Reached * piety under Sif Muna
  5186 | D:6      | Reached skill level 4 in Air Magic
  5227 | D:6      | Found Naopp's Armour Shoppe.
  5702 | D:7      | Found a hazy altar of Hepliaklqana.
  5752 | D:7      | Reached skill level 6 in Maces & Flails
  5935 | D:7      | Reached skill level 7 in Summonings
  6494 | D:7      | Found a runed door.
  6498 | D:7      | Noticed Crazy Yiuf
  6570 | D:7      | Reached XP level 9. HP: 64/64 MP: 12/12
  6599 | D:8      | Reached ** piety under Sif Muna
  6599 | D:8      | Reached skill level 8 in Summonings
  6623 | D:8      | Reached skill level 7 in Maces & Flails
  6869 | D:8      | Reached skill level 5 in Air Magic
  7012 | D:8      | Found a roughly hewn altar of Beogh.
  7452 | D:9      | Noticed Psyche
  7467 | D:9      | Killed Psyche
  7467 | D:9      | Reached skill level 8 in Maces & Flails
  7603 | D:9      | Reached skill level 3 in Spellcasting
  7661 | D:9      | Learned a level 4 spell: Summon Ice Beast
  7744 | D:9      | Reached skill level 1 in Ice Magic
  7895 | D:9      | Found a sparkling altar of Nemelex Xobeh.
  7929 | D:9      | Found a radiant altar of Vehumet.
  8013 | D:9      | Reached skill level 2 in Ice Magic
  8090 | D:9      | Reached *** piety under Sif Muna
  8119 | D:9      | Found a white marble altar of Elyvilon.
  8122 | D:9      | Found a glowing golden altar of the Shining One.
  8123 | D:9      | Found a glowing silver altar of Zin.
  8208 | D:9      | Reached skill level 3 in Ice Magic
  8462 | D:10     | Entered Level 10 of the Dungeon
  8502 | D:10     | Noticed a hill giant
  8502 | D:10     | Reached XP level 10. HP: 59/71 MP: 5/14
  8808 | D:10     | Reached skill level 9 in Maces & Flails
  8808 | D:10     | Reached skill level 4 in Ice Magic
  8833 | D:10     | Noticed a hill giant
  8839 | D:10     | Killed a hill giant
  8840 | D:10     | Noticed a hill giant
  8851 | D:10     | Killed a hill giant
  8851 | D:10     | Reached skill level 5 in Ice Magic
  8878 | D:10     | Found a staircase to the Orcish Mines.
  9040 | D:10     | Found a staircase to the Lair.
  9109 | D:10     | Reached skill level 1 in Invocations
  9741 | D:10     | Identified a +3 rod of inaccuracy (9/9) (You found it on level 10 of the Dungeon)
  9784 | D:10     | Reached skill level 2 in Invocations
  9811 | D:11     | Noticed Nergalle
  9885 | D:12     | Reached skill level 3 in Invocations
  9898 | D:12     | Killed an unseen horror
  9898 | D:12     | Reached skill level 4 in Invocations
  9998 | D:13     | Killed an unseen horror
  9998 | D:13     | Reached **** piety under Sif Muna
  9998 | D:13     | Reached skill level 5 in Invocations
 10333 | D:14     | Reached skill level 10 in Maces & Flails
 10336 | D:14     | Reached skill level 6 in Invocations
 10529 | D:13     | Noticed a manticore
 10537 | D:13     | Noticed a centaur warrior
 10555 | D:15     | Entered Level 15 of the Dungeon
 10556 | D:15     | D:15
 10702 | D:11     | Reached XP level 11. HP: 74/77 MP: 14/16
 10788 | D:11     | Noticed a death knight
 10790 | D:11     | Noticed a phantasmal warrior
 10791 | D:11     | Noticed a skeletal warrior
 10893 | Lair:1   | Entered Level 1 of the Lair of Beasts
 10984 | Lair:1   | You fall through a shaft!
 10984 | Lair:2   | Noticed a dire elephant
 10985 | Lair:2   | oh really
 10985 | Lair:2   | fell through a shaft straight into the elephant graveyard vault
 10985 | Lair:2   | fair fair
 11172 | Lair:2   | Reached skill level 7 in Invocations
 11265 | Lair:2   | Killed a dire elephant
 11407 | Lair:2   | Reached skill level 8 in Invocations
 11517 | Lair:2   | Reached skill level 2 in Fighting
 11740 | Lair:1   | Reached skill level 3 in Fighting
 12155 | Lair:2   | Reached skill level 11 in Maces & Flails
 12155 | Lair:2   | Reached skill level 4 in Dodging
 12267 | Lair:2   | Noticed Gastronok
 12281 | Lair:2   | Killed Gastronok
 12281 | Lair:2   | Reached skill level 4 in Fighting
 12407 | Lair:2   | Found a hole to the Spider Nest.
 12734 | Lair:2   | Reached skill level 5 in Fighting
 12734 | Lair:2   | Reached skill level 5 in Dodging
 12917 | Lair:2   | Reached XP level 12. HP: 79/94 MP: 18/18
 13097 | Lair:2   | Reached skill level 12 in Maces & Flails
 14223 | Lair:3   | Found a staircase to the Shoals.
 14235 | Lair:3   | Reached skill level 6 in Fighting
 14394 | Lair:4   | okaaay, maybe not
 14601 | Lair:4   | Reached skill level 6 in Dodging
 14774 | Lair:4   | Noticed a four-headed hydra
 14787 | Lair:4   | Killed a four-headed hydra
 14907 | Lair:4   | Reached skill level 7 in Fighting
 14907 | Lair:4   | Reached skill level 13 in Maces & Flails
 15123 | Lair:4   | Noticed a seven-headed hydra
 15135 | Lair:4   | Killed a seven-headed hydra
 15264 | Lair:4   | Noticed a five-headed hydra
 15273 | Lair:4   | Killed a five-headed hydra
 15431 | Lair:4   | Got a steaming battleaxe
 15432 | Lair:4   | Identified the +6 battleaxe of Hell's Wrath {chop, +Fly Str+4} (You found it on level 4 of the Lair of Beasts)
 15883 | Lair:4   | Reached skill level 7 in Dodging
 15931 | Lair:5   | Noticed a six-headed hydra
 15990 | Lair:5   | Killed a six-headed hydra
 16260 | Lair:5   | Reached ***** piety under Sif Muna
 16679 | Lair:5   | Reached XP level 13. HP: 101/107 MP: 19/19
 16783 | Lair:6   | Entered Level 6 of the Lair of Beasts
 16964 | Lair:6   | Reached skill level 8 in Fighting
 17411 | Lair:6   | Found a staircase to the Slime Pits.
 17417 | Lair:6   | Reached skill level 14 in Maces & Flails
 17622 | Lair:6   | Reached skill level 4 in Spellcasting
 17939 | Lair:6   | Found an ancient bone altar of Kikubaaqudgha.
 18227 | Lair:6   | Noticed a dire elephant
 18272 | Lair:6   | Killed a dire elephant
 18387 | Lair:6   | Reached skill level 9 in Fighting
 18476 | Lair:6   | Reached skill level 5 in Spellcasting
 18513 | Lair:6   | Found a burning altar of Makhleb.
 18786 | Lair:6   | Found a gateway to Hell.
 19226 | Orc:1    | Entered Level 1 of the Orcish Mines
 19311 | Orc:2    | Entered Level 2 of the Orcish Mines
 19758 | Orc:1    | Found a frozen archway.
 19915 | IceCv    | Entered an ice cave
 19947 | IceCv    | Reached skill level 15 in Maces & Flails
 19953 | IceCv    | no rC
 19953 | IceCv    | no !resistance
 19953 | IceCv    | this is a suicide, so i'll just get some xp and get the fuck out of here
 20212 | IceCv    | Reached skill level 6 in Ice Magic
 20876 | Orc:2    | oh god not this
 20876 | Orc:2    | the centaur/crossbow vault
 21225 | Orc:2    | Reached XP level 14. HP: 104/119 MP: 16/21
 21284 | Orc:2    | Noticed an orc warlord
 21865 | Orc:2    | Found a staircase to the Elven Halls.
 21950 | Orc:2    | Reached skill level 10 in Fighting
 22244 | Orc:2    | Found a roughly hewn altar of Beogh.
 22295 | Orc:2    | Found Hawuph's Jewellery Shoppe.
 22295 | Orc:2    | Found Parravut's General Store.
 22297 | Orc:2    | Found Tatetos's Armour Emporium.
 22299 | Orc:2    | Found Ylud's Book Shop.
 22306 | Orc:2    | Bought a potion of might for 44 gold pieces
 22306 | Orc:2    | Bought a scroll of fog for 22 gold pieces
 22307 | Orc:2    | Bought an uncursed ring of protection from fire for 375 gold pieces
 22311 | Orc:2    | Bought an uncursed ring of see invisible for 225 gold pieces
 22314 | Orc:2    | Bought a book of Power for 675 gold pieces
 22325 | Orc:2    | Learned a level 4 spell: Fulminant Prism
 22572 | D:11     | Reached skill level 1 in Conjurations
 22681 | D:11     | Reached skill level 2 in Conjurations
 23262 | D:11     | Reached skill level 3 in Conjurations
 23421 | D:11     | Killed Nergalle
 23713 | D:12     | Noticed Azrael
 23760 | D:12     | Killed Azrael
 23760 | D:12     | Reached skill level 4 in Conjurations
 24695 | D:13     | Reached skill level 5 in Conjurations
 25042 | D:13     | Reached skill level 16 in Maces & Flails
 25252 | D:13     | Reached skill level 6 in Conjurations
 25848 | D:14     | Reached ****** piety under Sif Muna
 25848 | D:14     | Received a gift from Sif Muna
 25851 | D:14     | Identified Buhopt's Compendium of Beguiling and Attacks (Sif Muna gifted it to you on level 14 of the Dungeon)
 26217 | D:15     | Reached skill level 7 in Conjurations
 26415 | D:15     | Got a translucent tin ring
 26433 | D:15     | Identified the ring "Alisol" {Wiz rF+ rC+ rN+} (You found it on level 15 of the Dungeon)
 26434 | D:15     | ohhhhh yessssssssssssssssssssssssss
 26434 | D:15     | yessssssssssssssssssssssssssssssssssssssssssssssssssssssss
 26434 | D:15     | now i feel like i can actually not die in elf
 26711 | D:15     | Reached skill level 8 in Conjurations
 26833 | D:15     | Found a glowing golden altar of the Shining One.
 27242 | D:15     | Learned a level 6 spell: Iron Shot
 27260 | D:15     | Found a staircase to the Depths.
 27268 | D:15     | Reached skill level 1 in Earth Magic
 27630 | Orc:2    | Reached XP level 15. HP: 126/126 MP: 22/22
 27641 | Elf:1    | Entered Level 1 of the Elven Halls
 27642 | Elf:1    | Upgraded the game from 0.19-a0-926-g4486784 to 0.19-a0-934-gf1df8d1
 27652 | Elf:1    | Reached skill level 2 in Earth Magic
 28041 | Orc:2    | this certainly isn't easy
 28043 | Elf:1    | that fucking lightning hurts like hell
 28043 | Elf:1    | and the entrance is certainly not very nice either
 28056 | Elf:1    | Reached skill level 3 in Earth Magic
 28168 | Elf:1    | Reached skill level 9 in Conjurations
 28168 | Elf:1    | Reached skill level 4 in Earth Magic
 28526 | Elf:1    | Received a gift from Sif Muna
 28526 | Elf:1    | Reached skill level 5 in Earth Magic
 28893 | Elf:1    | ah, right
 28893 | Elf:1    | spires turn on you
 28973 | Orc:2    | oh, the new elf tactic
 28973 | Orc:2    | wait until they run out of arrows
 28973 | Orc:2    | har har
 28980 | Elf:1    | Cast into level 2 of the Abyss (a deep elf demonologist)
 29099 | Abyss:2  | not deeper, i want out goddamnit
 29133 | Abyss:2  | Noticed a tentacled starspawn
 29236 | Abyss:2  | Found a corrupted altar of Lugonu.
 29281 | Elf:1    | Escaped the Abyss
 29348 | Elf:1    | Noticed an Executioner
 29349 | Elf:1    | Noticed a Hell Sentinel
 29351 | Elf:1    | fucking hell
 29505 | Elf:1    | Reached skill level 6 in Earth Magic
 30045 | Elf:1    | Slain by a dire flail of protection

Vault maps used:
D:1:      matt_arrival_diagonals
D:3:      hex_intersection
D:4:      grunt_gozag_statues, yredelemnul_altar_generic, portal_sewer_entry_b
D:5:      kennysheep_mini_moat, first_bread
D:6:      lemuel_doored_altar, serial_shops,
          nicolae_shop_temple_entry_statues_fountains, basic_altar
D:7:      kennysheep_mini, uniq_crazy_yiuf_cottage
D:8:      special_room, water_maze_lemuel
D:9:      overflow_temple_1_default, vehumet_statue, good_gods_temple_1,
          uniq_psyche
D:10:     lemuel_ice_spiral_2, erik_lair_orcish_takeover, david_orc_3,
          hangedman_little_slice_of_home, minivault_5
D:11:     uniq_nergalle
D:12:     uniq_azrael
D:13:     grunt_ministairs_8
D:14:     hangedman_vaults_entry_quadrant_bands, minmay_misc_feat_tiny
D:15:     grunt_enter_depths_magical_seal, tso_altar
Temple:   compressed_dpeg_circular_temple
Lair:1:   lab_entry_generic, nicolae_quartered_pool_super, lemuel_old_faithful,
          lemuel_fruit_fields, lemuel_fruit_fields
Lair:2:   mu_elephants_graveyard, dummy_spider_entry, wad_woods_river_02,
          grunt_megastairs_5, uniq_gastronok
Lair:3:   minmay_shoals_entry_beasts
Lair:5:   infiniplex_staircase_pool_2, grunt_megastairs_4
Lair:6:   evil_forest, minmay_slime_entry_pillars, basic_altar,
          serial_bayou_shore_b, lemuel_fruit_fields
Orc:1:    portal_ice_cave_entry_imps
Orc:2:    st_orc_rangers, basic_altar
Elf:1:    minmay_elf_arrival_summoners, minivault_28, billiards_dpeg,
          uniq_nikola
Sewer:    sewer_big_baddie
IceCv:    ice_cave_caverns_01

Skill      XL: |  1  2  3  4  5  6  7  8  9 10 11 12 13 14 15 |
---------------+----------------------------------------------+-----
Dodging        | 2 3 5 7 |  7.6
Summonings     | 5 6 7 8 |  8.3
Fighting       | 1 5 7 9 10 | 10.4
Maces & Flails | 3 4 5 6 8 10 11 13 15 16 | 16.3
Air Magic      | 1 3 4 5 |  5.4
Spellcasting   | 3 5 |  5.3
Ice Magic      | 3 5 6 |  6.8
Invocations    | 6 8 |  8.1
Conjurations   | 8 9 |  9.2
Earth Magic    | 1 6 |  6.8
Stealth        | |  1.7

Action                   |  1- 3 |  4- 6 |  7- 9 | 10-12 | 13-15 || total
-------------------------+-------+-------+-------+-------+-------++-------
Melee: Whip              |    37 |   128 |   179 |     6 |       ||   350
       Unarmed           |    11 |       |       |       |       ||    11
       Tailslap          |    15 |    16 |    40 |    84 |   157 ||   312
       Short sword       |    87 |    42 |       |       |       ||   129
       Dagger            |       |    38 |    22 |       |       ||    60
       War axe           |       |     1 |    25 |       |    30 ||    56
       Morningstar       |       |       |   159 |   821 |  1604 ||  2584
       Mace              |       |       |    18 |       |       ||    18
       Great mace        |       |       |    13 |       |       ||    13
Throw: Stone             |     2 |       |       |       |       ||     2
       Tomahawk          |       |       |     5 |     8 |     9 ||    22
 Cast: Summon Small Mamm |    19 |       |       |       |       ||    19
       Call Imp          |     7 |    11 |     5 |       |       ||    23
       Call Canine Famil |       |     3 |    10 |     5 |     6 ||    24
       Summon Lightning  |       |       |    13 |    65 |   127 ||   205
       Summon Ice Beast  |       |       |       |    36 |    45 ||    81
       Fulminant Prism   |       |       |       |       |    21 ||    21
       Iron Shot         |       |       |       |       |     4 ||     4
Invok: Divine Energy     |       |       |     4 |     1 |       ||     5
       Stop Divine Energ |       |       |     4 |       |       ||     4
       Channel Magic     |       |       |       |     1 |     3 ||     4
Evoke: Wand              |       |       |     2 |     3 |     6 ||    11
       Phial of floods   |       |       |       |       |     1 ||     1
  Use: Scroll            |       |    17 |       |    17 |    13 ||    47
       Potion            |       |       |     1 |     3 |     4 ||     8
 Stab: Sleeping          |     3 |     2 |     2 |     1 |     3 ||    11
       Distracted        |     1 |     2 |     3 |    11 |    20 ||    37
       Paralysed         |       |       |       |     1 |       ||     1
  Eat: Chunk             |     5 |     9 |    15 |    40 |    57 ||   126
       Beef jerky        |       |       |     1 |       |       ||     1
       Pizza             |       |       |     1 |       |     3 ||     4
       Royal jelly       |       |       |       |     1 |     5 ||     6
       Fruit             |       |       |       |     7 |     5 ||    12
Armor: Skin              |    50 |    92 |   230 |   327 |   414 ||  1113
Dodge: Dodged            |   104 |   154 |   291 |   692 |  1355 ||  2596
